 Dungeon Crawl Stone Soup version 0.27-a0-1612-gde56a17b89 (webtiles) character file.

Game seed: 13192079588037354937

5 siradein the Grave Robber (level 1, -2/13 HPs)
             Began as a Demonspawn Necromancer on July 22, 2021.
             Slain by a hobgoblin (3 damage)
             ... on level 1 of the Dungeon.
             The game lasted 00:00:48 (230 turns).

siradein the Grave Robber (Demonspawn Necromancer)   Turns: 230, Time: 00:00:48

Health: -2/13      AC:  2    Str:  8    XL:     1   Next: 66%
Magic:  2/3        EV: 12    Int: 16    God:
Gold:   5          SH:  0    Dex: 13    Spells: 3/4 levels left

rFire    . . .     SeeInvis .   c - +2 dagger (elec)
rCold    . . .     Faith    .   (no shield)
rNeg     . . .     Spirit   .   a - +0 robe
rPois    .         Reflect  .   (no helmet)
rElec    .         Harm     .   (no cloak)
rCorr    .         Rampage  .   (no gloves)
Will     .....                  (no boots)
Stlth    ++........             (no amulet)
HPRegen  0.04/turn              (no ring)
MPRegen  0.08/turn              (no ring)

@: no status effects
A: no striking features
a: no special abilities


You were on level 1 of the Dungeon.
You visited 1 branch of the dungeon, and saw 1 of its levels.

You collected 5 gold pieces.

Inventory:

Hand Weapons
 c - a +2 dagger of electrocution (weapon)
Armour
 a - a +0 robe (worn)
Scrolls
 d - a scroll of fog {unknown}
Potions
 b - a potion of curing {unknown}


   Skills:
 - Level 1.7 Dodging
 - Level 1.7 Stealth
 + Level 2.2 Spellcasting
 + Level 4.5 Necromancy


You had 3 spell levels left.
You knew the following spells:

 Your Spells              Type           Power      Damage    Failure   Level
a - Pain                  Necr           64%        1d7       3%          1

Your spell library contained the following spells:

 Spells                   Type           Power      Damage    Failure   Level
 Animate Skeleton         Necr           32%        N/A       3%          1
 Vampiric Draining        Necr           8%         2d7       10%         3
 Animate Dead             Necr           8%         N/A       30%         4
 Agony                    Necr           16%        N/A       65%         5


Dungeon Overview and Level Annotations

Branches:
Dungeon (1/15)

Altars:


Message History

Aim: a ball python (chance to affect: 87%)
The ball python writhes in agony.
A goblin comes into view. It is wielding a +0 club.
The ball python closely misses you. The ball python grabs you.
The ball python constricts you.
You closely miss the ball python. The ball python bites you.
The ball python constricts you.
You barely miss the ball python.
An endoplasm comes into view.
The ball python closely misses you. The ball python constricts you.
You barely miss the ball python. The ball python misses you.
The ball python constricts you.
A dart slug comes into view.
You closely miss the ball python. The ball python closely misses you.
The ball python constricts you.
You completely miss the ball python. The ball python barely misses you.
The ball python constricts you. The ball python bites you.
The ball python constricts you.
You hit the ball python.
The ball python is severely wounded.
A jackal comes into view.
The ball python barely misses you.
* * * LOW HITPOINT WARNING * * *
The ball python constricts you.
You closely miss the ball python.
The ball python is severely wounded.
The ball python bites you.
* * * LOW HITPOINT WARNING * * *
The ball python constricts you.
You hit the ball python.
You kill the ball python!
Aiming: Pain (safe; 3% risk of failure)
Press: ? - help, Q - select action Shift-Dir - straight line, f - hobgoblin
Aim: a hobgoblin (chance to affect: 87%)
The hobgoblin writhes in agony.
The hobgoblin hits you but does no damage.
You hit the hobgoblin.
The hobgoblin is almost dead.
The hobgoblin hits you.
You die...

#### ### ####.[. ..# #####
.....## #.# .....
#######...## #.#.....##
#...##.....####.#...... .
###.#.#....................
##.............###.##...#...
)...###........###.###......
##..# #.......(.@gg..#......
##.# #..#...#.###J.........
#......#.....# ###g####...
##........##.# #.#
..........##.# #.#
######.......# #J# ##.#.####


wg. #.#.# .#.## ## ..... #.#.# You could see an endoplasm, a hobgoblin and 2
goblins.

Vanquished Creatures
  2 goblins (D:1)
  A ball python (D:1)
  A bat (D:1)
  2 frilled lizards (D:1)
6 creatures vanquished.

Notes
Turn   | Place    | Note
-------+----------+-------------------------------------------
     0 | D:1      | siradein the Demonspawn Necromancer began the quest for the
                  | Orb.
     0 | D:1      | Reached XP level 1. HP: 13/13 MP: 3/3
   230 | D:1      | Slain by a hobgoblin

Illustrated notes

Levels and vault maps discovered:
D:1:      dpeg_arrival_rooms_with_view, layout_loops_ring

Action                   || total
-------------------------++-------
Melee: Dagger            ||     9
 Cast: Pain              ||     9
Armor: Robe              ||     2
Dodge: Dodged            ||     6

Table legend: (Time is in decaauts)
 A = Elapsed time spent in this place.
 B = Non-inter-level travel time spent in this place.
 C = Inter-level travel time spent in this place.
 D = Time resting spent in this place.
 E = Time spent auto-exploring this place.
 F = Levels seen in this place.
 G = Mean time per level.
                   A        B        C        D        E       F      G
               +--------+--------+--------+--------+--------+-----+--------+
         Total |    229 |    229 |      0 |      0 |    189 |   1 |  229.0 |
       Dungeon |    229 |    229 |      0 |      0 |    189 |   1 |  229.0 |
               +--------+--------+--------+--------+--------+-----+--------+

Top non-repeatable levels by time:
     D:1: 229 daAuts
